 Dungeon Crawl Stone Soup version 0.25-a0-1079-g858b6a6ff6 (webtiles) character file.

Game seed: 13795319479212588355, levelgen mode: deterministic

302 Flugslaktarn the Chopper (level 6, -10/57 HPs)
             Began as a Deep Dwarf Fighter on May 15, 2020.
             Mangled by an ogre
             ... wielding a cursed +0 giant club
              (18 damage)
             ... on level 4 of the Dungeon.
             The game lasted 00:00:31 (544 turns).

Flugslaktarn the Chopper (Deep Dwarf Fighter)        Turns: 544, Time: 00:00:31

Health: -10/57     AC:  7    Str: 22    XL:     6   Next: 14%
Magic:  5/5        EV:  7    Int:  8    God:
Gold:   47         SH: 10    Dex: 12    Spells: 5/5 levels left

rFire    . . .     SeeInvis .   a - +0 war axe
rCold    . . .     Gourm    .   c - +0 kite shield
rNeg     . . .     Faith    .   b - +0 scale mail
rPois    .         Spirit   .   (no helmet)
rElec    .         Reflect  .   (no cloak)
rCorr    .         Harm     .   (no gloves)
MR       .....                  (no boots)
Stlth    ..........             (no amulet)
HPRegen  0.00/turn              (no ring)
MPRegen  0.09/turn              (no ring)

@: non-regenerating
A: damage resistance, heal wounds, sense surroundings 1, no regeneration
a: Heal Wounds


You were on level 4 of the Dungeon.
You were not hungry.

You visited 1 branch of the dungeon, and saw 4 of its levels.

You collected 47 gold pieces.

Inventory:

Hand Weapons
 a - a +0 war axe (weapon)
Armour
 b - a +0 scale mail (worn)
 c - a +0 kite shield (worn)
Scrolls
 h - a scroll of identify {unknown}
Potions
 d - a potion of might
 f - a potion of curing {unknown}
Comestibles
 e - 6 rations
 g - 3 chunks of flesh


   Skills:
 + Level 3.6 Fighting
 * Level 4.8 Axes
 + Level 4.5 Armour
 + Level 4.4 Shields


You had 5 spell levels left.
You didn't know any spells.
Your spell library was empty.

Dungeon Overview and Level Annotations

Branches:
Dungeon (4/15)
 Temple: D:4-7

Altars:


Innate Abilities, Weirdness & Mutations

You are resistant to damage.
You can heal yourself by infusing magical energy.
You passively map a small area around you.
You do not regenerate.


Message History

You are too injured to fight recklessly!
You are too injured to fight recklessly!
You feel much better. You block the ogre's attack.
You hit the ogre.
The ogre is heavily wounded.
The ogre hits you with a cursed +0 giant club!
You slash the ogre!
The ogre is almost dead.
The ogre completely misses you.
You hit the ogre but do no damage.
The ogre is almost dead.
The ogre hits you with a cursed +0 giant club!!
* * * LOW HITPOINT WARNING * * *
Some of the chunks of flesh in your inventory have rotted away.
You are too injured to fight recklessly!
You are too injured to fight recklessly!
You are too injured to fight recklessly!
You fail to use your ability.
The ogre hits you with a cursed +0 giant club!!
You die...

, ###########...
#......#...........#
* *
#......#...........#.
+......+.............
,
*#..?...#..........#
, #......#....)..<..#
,*
,#......#....).....#
* * .#
#.#....O.#....).....#
.. #.#**#@#
#..........# *.##.#
#.# #..........#
..#.# #.#
#..........# *#.#.#
#.# ##'#########
#.#.####'####.#
#####.#........##.#
#..............##.#
#.#...##.......##.#
#.#...##.......##.#


You could see an ogre.

Vanquished Creatures
  A phantom (D:4)
  A big kobold (D:3)
  A hound (D:4)
  A worker ant (D:4)
  5 adders
  3 gnolls (D:4)
  6 orcs (D:4)
  2 giant cockroaches
  5 goblins
  A quokka (D:4)
  2 kobolds
  A leopard gecko skeleton (D:4)
29 creatures vanquished.

Notes
Turn   | Place    | Note
-------+----------+-------------------------------------------
     0 | D:1      | Flugslaktarn the Deep Dwarf Fighter began the quest for the
                  | Orb.
     0 | D:1      | Reached XP level 1. HP: 20/20 MP: 1/1
    70 | D:2      | Reached XP level 2. HP: 25/27 MP: 2/2
   137 | D:3      | Reached XP level 3. HP: 27/33 MP: 3/3
   194 | D:3      | Noticed a big kobold
   216 | D:3      | Killed a big kobold
   216 | D:3      | Reached XP level 4. HP: 38/42 MP: 4/4
   301 | D:4      | Reached XP level 5. HP: 25/49 MP: 5/5
   350 | D:4      | Noticed a phantom
   366 | D:4      | Killed a phantom
   366 | D:4      | Reached XP level 6. HP: 31/56 MP: 5/5
   544 | D:4      | Mangled by an ogre

Illustrated notes

Levels and vault maps discovered:
D:1:      minmay_arrival_stair_chambers, layout_basic
D:2:      layout_basic, minmay_misc_feat_roman
D:3:      layout_rooms, okawaru_altar_gauntlet_db,
          nicolae_overflow_crystal_walls, nicolae_overflow_quartered_altars,
          nicolae_gozag_zags_fifth_avenue
D:4:      layout_basic, first_ration, grunt_dithmenos_smoke_and_mirrors,
          uniq_eustachio, uniq_duvessa

Skill      XL: |  1  2  3  4 |
---------------+-------------+-----
Axes           | 3 4 |  4.8
Fighting       | 3 |  3.6
Armour         | 4 |  4.5
Shields        | 4 |  4.4

Action                   |  1- 3 |  4- 6 || total
-------------------------+-------+-------++-------
Melee: War axe           |    60 |    68 ||   128
 Abil: Heal Wounds       |     1 |     3 ||     4
Armor: Scale mail        |    31 |    23 ||    54
Dodge: Dodged            |    18 |    15 ||    33
Block: Kite shield       |    38 |    29 ||    67

Table legend:
 A = Non-vault XP
 B = Vault XP
 C = Vault XP percentage of total XP
 D = Non-vault monster count
 E = Vault monster count
 F = Vault count percentage of total count
                 A         B        C        D         E       F
            +---------+---------+-------+---------+---------+-------
      Total |     432 |       0 |   0.0 |      29 |       0 |   0.0
            +---------+---------+-------+---------+---------+-------
        D:1 |      11 |       0 |   0.0 |       6 |       0 |   0.0
        D:2 |      15 |       0 |   0.0 |       2 |       0 |   0.0
        D:3 |     121 |       0 |   0.0 |       5 |       0 |   0.0
        D:4 |     285 |       0 |   0.0 |      16 |       0 |   0.0
            +---------+---------+-------+---------+---------+-------
